h, chaotic male human Rogue ----- ------- --------------- -------- |...-###### #......| |..)..........| |...)>f@### ..).| # #|.....| |.............| #......u| # |..`| ###|.....| |.............| #|.......###### ----- -|--- #......| ------|--.----- #-------- # |...-# # #------- # ### ## ###|...|# ### # ### # # #-...|# # # # ### # |...|# # # ###### # # |...|# # # -|---- --.-----# |...|# -------.--------# |....| |.......# -----### |..............|# |[)+*| |.<....| # |..............|# |.?!+| |......| ###|..............|# ------ |......| #...............-# -------- ---------------- h the Cutpurse Experience level: 4 Strength: 14 Dexterity: 18 Constitution: 14 Intelligence: 9 Wisdom: 12 Charisma: 11 Health: 0(27) Energy: 17(17) Def: 3 Gold: 425 Moves: 2528 Dungeon seed: lZhFkaHu7qJhhnVF Game ID: h_1528480985 Your Inventory: Coins $ - 425 gold pieces Weapons b - 8 +0 daggers (in quiver) l - a +0 orcish dagger s - 6 cursed -2 shuriken t - a +0 elven dagger v - a +0 long sword (weapon in hand) E - a +0 knife Armor e - an uncursed +1 leather armor (being worn) r - an uncursed +0 orcish helm y - an uncursed +0 orcish helm z - an uncursed +0 leather armor Comestibles B - an uncursed tripe ration F - an uncursed food ration Scrolls A - an uncursed scroll of gold detection Potions c - an uncursed potion of sickness Rings w - an uncursed ring of cold resistance C - a cursed -1 ring of protection Wands k - a wand of opening (0:3) o - a wand of slow monster (0:7) Tools d - an uncursed lock pick f - an uncursed sack D - a magic harp (0:8) H - an uncursed blindfold Gems n - 2 uncursed worthless pieces of green glass q - 2 uncursed fluorite stones Contents of the sack: an uncursed scroll of enchant weapon Spells and supernatural/magical abilities: Name Level Category Fail Memory W - pray for help -- divine ? -- Your skills at the end: Fighting Skills Weapon Skills dagger [Basic] short sword [Basic] Spellcasting Skills Final Attributes: You were piously aligned. You were stealthy. You are dead. Vanquished creatures: a kitten a centipede 2 iguanas a hobbit 4 manes a large kobold 3 giant rats a cave spider a yellow mold a gnome zombie 2 geckos a jackal 2 kobolds 4 goblins 3 sewer rats 6 grid bugs 3 bats 7 lichens 2 kobold zombies 5 newts 51 creatures vanquished. Voluntary challenges: You had been an atheist until turn 1960. You used a wielded weapon 52 times, starting on turn 477. You read items or engraved 10 times, starting on turn 471. You never genocided any monsters. You never polymorphed an object. You never changed form. You used no wishes. You never split a pudding. You wrote Elbereth's name 4 times, starting on turn 651. You never violated your personal moral code. Dungeon overview: The Dungeons of Doom: levels 1 to 5 Level 1 a long staircase Level 2 a general store Level 3 some fountains Level 4 a long staircase Level 5 <- You were here a general store, a fountain History has recorded: On T:1 you entered the Dungeons of Doom to retrieve the Amulet of Yendor! On T:801 you advanced to experience level 2. On T:861 you advanced to experience level 3. On T:1010 you reached level 2 of The Dungeons of Doom. On T:1133 you advanced to experience level 4. On T:1635 you reached level 3 of The Dungeons of Doom. On T:2015 you reached level 4 of The Dungeons of Doom. On T:2200 you reached level 5 of The Dungeons of Doom. Score breakdown: Gold: 425 ( 8944 points) Experience: 4 levels ( 9649 points) Exploration: 5 levels ( 9.80%) ( 8485 points) Discoveries: 8 items ( 2.68%) ( 4915 points) Valuables value: (no points given unless you survive) Artifact value: 0 ( 0 points) Variety of kills: 20 monsters ( 5.25%) ( 6873 points) Turncount: 2528 turns ( -347 points) Survival: died (score multiplied by 80%) Total score: 30815 Latest messages: The kitten misses the pony. The pony misses the kitten. (2x) The kitten bites the pony. The pony misses the kitten. (3x) The pony bites the kitten. You displace your kitten. The pony kicks! The pony bites! You miss the pony. (2x) The pony kicks! The pony bites! The pony kicks! The pony bites! You displace your kitten. The kitten bites the pony. The pony misses the kitten. (4x) The kitten misses the pony. (2x) The pony misses the kitten. (2x) The pony hits the kitten. The pony misses the kitten. You miss the pony. The pony kicks! The pony bites! The pony kicks! You die... Final status: Goodbye h the Rogue, killed by a pony... You died in The Dungeons of Doom on dungeon level 5 with 30815 points, and 425 pieces of gold, after 2528 moves. You were level 4 with a maximum of 27 hit points when you died.